 Seeded DCSS version 0.28-a0-1555-g9ae15a6949 (webtiles) character file.

Game seed: 88 (custom seed)

9 knot the Chopper (level 2, 24/24 HPs)
             Began as a Demonspawn Berserker on Jan 19, 2022.
             Was a Follower of Trog.
             Quit the game on level 1 of the Dungeon.
             The game lasted 00:00:44 (492 turns).

knot the Chopper (Demonspawn Berserker)              Turns: 492, Time: 00:00:45

Health: 24/24      AC:  3    Str: 17    XL:     2   Next: 3%
Magic:  2/2        EV: 12    Int:  8    God:    Trog [*.....]
Gold:   36         SH:  0    Dex: 12    Spells: 1/1 levels left

rFire   . . .      SeeInvis .   a - +0 hand axe
rCold   . . .      Faith    .   (no shield)
rNeg    . . .      Spirit   .   b - +0 animal skin
rPois   .          Reflect  .   (no helmet)
rElec   .          Harm     .   (no cloak)
rCorr   .          Rampage  .   (no gloves)
Will    .....                   c - +0 pair of boots
Stlth   +.........              (no amulet)
HPRegen 0.08/turn               (no ring)
MPRegen 0.08/turn               (no ring)

@: no status effects
A: foul stench 1
a: Renounce Religion, Berserk


You were on level 1 of the Dungeon.
You worshipped Trog.
Trog was aware of your devotion.
You visited 1 branch of the dungeon, and saw 1 of its levels.

You collected 36 gold pieces.

Inventory:

Hand Weapons
 a - a +0 hand axe (weapon)
Missiles
 e - 27 stones (quivered)
Armour
 b - a +0 animal skin (worn)
 c - a +0 pair of boots (worn)
Scrolls
 d - a scroll of immolation {unknown}


   Skills:
 - Level 3.0 Fighting
 + Level 3.2 Axes
 - Level 1.7 Armour
 - Level 1.7 Dodging


You had one spell level left.
You didn't know any spells.
Your spell library was empty.

Dungeon Overview and Level Annotations

Branches:
Dungeon (1/15)

Altars:


Innate Abilities, Weirdness & Mutations

You may rarely emit foul miasma when damaged in melee.


Message History

No target in view!
No target in view!
e - 27 stones (gained 9)
You see here a ball python corpse.
Found an escape hatch in the floor.
You now have 36 gold pieces (gained 2).
There is an open door here.
Key pressed, stopping explore.
You see here a quokka corpse.
Key pressed, stopping explore.
No target in view!
A jackal comes into view.
A jackal is nearby!
A jackal comes into view.
Found a faded altar of an unknown god.
A jackal comes into view.
The jackal closely misses you.
You hit the jackal.
You kill the jackal!
Trog accepts your kill.
Found a short sword.
The jackal barks! x2
You hit the jackal.
The jackal is heavily wounded.
The jackal barely misses you.
There are monsters nearby!
You hit the jackal but do no damage.
The jackal is heavily wounded.
You barely miss the jackal. The jackal barely misses you.
The jackal misses you.
The jackal bites you but does no damage. x2
You hit the jackal.
You kill the jackal!
Trog accepts your kill.
You closely miss the jackal.
The jackal bites you but does no damage. x2
You have reached level 2!
Your demonic ancestry asserts itself...
You begin to emit a foul stench of rot and decay.
Are you sure you want to abandon this character and quit the game? (Confirm with "yes".)

#### ...# ####### ##.#
#.....### #.# #..).....
#.##### #..8.⌠.8.
#>....# #........
#.....#########.h⌠._.⌠.
#.....†........@†......
#.....#########..8.⌠.8.
#.....# ##.......
#.....#############.###
#...............# #
#...............# ####
#...............# #...
#...............# #.##
#)..............# #.##


You could see a jackal.

Vanquished Creatures
  2 jackals (D:1)
  2 quokkas (D:1)
  A ball python (D:1)
  A frilled lizard (D:1)
  A goblin (D:1)
  2 kobolds (D:1)
9 creatures vanquished.

Notes
Turn   | Place    | Note
-------+----------+-------------------------------------------
     0 | D:1      | knot the Demonspawn Berserker began the quest for the Orb.
     0 | D:1      | Reached XP level 1. HP: 18/18 MP: 1/1
   484 | D:1      | Found a faded altar of an unknown god.
   492 | D:1      | Gained mutation: You may rarely emit foul miasma when
                  | damaged in melee. [demonic ancestry]
   492 | D:1      | Reached XP level 2. HP: 24/24 MP: 2/2
   492 | D:1      | Quit the game

Illustrated notes

Levels and vault maps discovered:
D:1:      wander_arrival_chamber, layout_basic,
          hellmonk_ecumenical_altar_dog_temple

Skill      XL: |  1 |
---------------+----+-----
Axes           | 3 |  3.2
Fighting       | |  3.0
Armour         | |  1.7
Dodging        | |  1.7

Action                   || total
-------------------------++-------
Melee: Hand axe          ||    19
Invok: Berserk           ||     1
Armor: Animal skin       ||     6
Dodge: Dodged            ||     9

Table legend: (Time is in decaauts)
 A = Elapsed time spent in this place.
 B = Non-inter-level travel time spent in this place.
 C = Inter-level travel time spent in this place.
 D = Time resting spent in this place.
 E = Time spent auto-exploring this place.
 F = Levels seen in this place.
 G = Mean time per level.
                   A        B        C        D        E       F      G
               +--------+--------+--------+--------+--------+-----+--------+
         Total |    507 |    507 |      0 |     61 |    386 |   1 |  507.0 |
       Dungeon |    507 |    507 |      0 |     61 |    386 |   1 |  507.0 |
               +--------+--------+--------+--------+--------+-----+--------+

Top non-repeatable levels by time:
     D:1: 507 daAuts
